 Dungeon Crawl Stone Soup version 0.30-a0-389-g8d7d949f56 (webtiles) character file.

Game seed: 12013012657734596629

626 arthad the Vexing (level 7, -8/53 HPs)
             Began as a Gnoll Hexslinger on Dec 3, 2022.
             Was an Initiate of Sif Muna.
             Mangled by an ogre
             ... wielding a +0 giant spiked club
              (26 damage)
             ... on level 5 of the Dungeon.
             The game lasted 00:06:29 (4018 turns).

arthad the Vexing (Gnoll Hexslinger)                Turns: 4018, Time: 00:06:30

Health: -8/53      AC:  2    Str:  9    XL:     7   Next: 47%
Magic:  11/12      EV: 13    Int: 14    God:    Sif Muna [......]
Gold:   282        SH:  9    Dex: 13    Spells: 9/13 levels left

rFire   . . .      SeeInvis .    a - +1 sling
rCold   . . .      Faith    .    d - +0 buckler
rNeg    . . .      Spirit   .    c - +0 robe
rPois   .          Reflect  +    (no helmet)
rElec   .          Harm     .    (no cloak)
rCorr   .          Rampage  .    (no gloves)
Will    .....                    (no boots)
Stlth   ++........               k - amulet of reflection
HPRegen 0.28/turn                (no ring)
MPRegen 0.13/turn                (no ring)

@: on berserk cooldown, slowed, very slow
A: fangs 1, strong nose, distributed training
a: Renounce Religion


You were on level 5 of the Dungeon.
You worshipped Sif Muna.
Sif Muna was noncommittal.
You visited 1 branch of the dungeon, and saw 5 of its levels.

You collected 282 gold pieces.

Inventory:

Hand Weapons
 a - a +1 sling (weapon)
Missiles
 p - 6 poisoned darts
Armour
 c - a +0 robe (worn)
 d - a +0 buckler (worn)
Jewellery
 k - an amulet of reflection (around neck)
 s - an amulet of guardian spirit
Scrolls
 b - 2 scrolls of poison
 f - 7 scrolls of teleportation {unknown}
 j - a scroll of enchant armour {unknown}
 m - 9 scrolls of identify {unknown}
 q - a scroll of magic mapping {unknown}
 t - a scroll of fog {unknown}
 u - a scroll of enchant weapon {unknown}
 v - a scroll of noise {unknown}
Potions
 g - a potion of curing
 h - a potion of berserk rage
 i - a potion of attraction {unknown}
 l - a potion of magic {unknown}
 n - a potion of resistance {unknown}
 o - 2 potions of might {unknown}
 r - 2 potions of brilliance {unknown}


   Skills:
 + Level 3.7 Fighting
 + Level 2.6 Short Blades
 + Level 2.6 Long Blades
 + Level 2.6 Axes
 + Level 2.6 Maces & Flails
 + Level 2.6 Polearms
 + Level 2.6 Staves
 + Level 5.3 Ranged Weapons
 + Level 2.6 Throwing
 + Level 2.6 Armour
 + Level 5.3 Dodging
 + Level 2.6 Stealth
 + Level 2.6 Shields
 + Level 2.6 Unarmed Combat
 + Level 3.9 Spellcasting
 + Level 2.1 Conjurations
 + Level 5.9 Hexes
 + Level 2.1 Summonings
 + Level 2.1 Necromancy
 + Level 2.1 Translocations
 + Level 2.1 Transmutations
 + Level 2.1 Fire Magic
 + Level 2.1 Ice Magic
 + Level 2.1 Air Magic
 + Level 2.1 Earth Magic
 + Level 2.1 Poison Magic
 + Level 2.9 Invocations
 + Level 2.6 Evocations


You had 9 spell levels left.
You knew the following spells:

 Your Spells              Type           Power      Damage    Failure   Level
a - Slow                  Hex            76%        N/A       2%          1
b - Portal Projectile     Hex/Tloc       28%        N/A       14%         3

Your spell library contained the following spells:

 Spells                   Type           Power      Damage    Failure   Level
 Apportation              Tloc           16%        N/A       11%         1
 Beastly Appendage        Tmut           16%        N/A       11%         1
 Foxfire                  Conj/Fire      32%        2x1d5     11%         1
 Inner Flame              Hex/Fire       14%        N/A       14%         3
 Wereblood                Tmut           8%         N/A       16%         2
 Cause Fear               Hex            9%         N/A       22%         4
 Spider Form              Tmut/Pois      8%         N/A       32%         3
 Fireball                 Conj/Fire      4%         3d4       96%         5
 Starburst                Conj/Fire      4%         6d3       100%        6


Dungeon Overview and Level Annotations

Branches:
Dungeon (5/15)             Temple (0/1) D:5

Altars:
Sif Muna

Shops:
D:1 (

Annotations:
D:4 1 runed translucent door, Crazy Yiuf


Innate Abilities, Weirdness & Mutations

You have very sharp teeth.
Your uncanny sense of smell can sniff out nearby items.
Your experience applies equally to all skills.


Message History

The centaur shoots an arrow.
The arrow barely misses you.
The centaur shoots an arrow.
The arrow hits you.
* * * LOW HITPOINT WARNING * * *
You feel much better.
The centaur shoots an arrow.
You reflect the arrow off an invisible shield around you!
The arrow hits the centaur.
The centaur shoots an arrow.
The arrow hits you!
The centaur shoots an arrow.
The arrow hits you!
An ogre comes into view. It is wielding a +0 giant spiked club.
You are no longer teleporting projectiles to their destination.
The centaur shoots an arrow.
The arrow hits you.
The centaur shoots an arrow.
The arrow misses you.
There is an open door here.
You aren't carrying any items that you can evoke.
It was a potion of curing.
You feel better.
It was a potion of berserk rage.
A red film seems to cover your vision as you go berserk!
You feel yourself moving faster!
You feel mighty!
The centaur shoots an arrow.
The arrow completely misses you.
The centaur shoots an arrow.
The arrow closely misses you.
You are too berserk!
You are too berserk!
You are too berserk!
You are too berserk!
Okay, then.
You feel a strong urge to attack something.
The ogre shouts!
The centaur shoots an arrow.
The arrow hits you!
You feel your anger nearly subside.
You are no longer berserk.
You are exhausted.
You feel yourself slow down.
The centaur shoots an arrow.
The arrow hits you.
* * * LOW HITPOINT WARNING * * *
The centaur shoots an arrow.
You reflect the arrow off an invisible shield around you!
The arrow hits the centaur!
You kill the centaur!
Sif Muna accepts your kill.
The ogre hits you with a +0 giant spiked club!!
You die...

....# ###....#...(..#
######## #....#......#
....c..###....#.....(#
..O...)..'....'......+
..#####.##....#......# ..#
#.##....#......# ..#
#.#######......###
#######..#######.O.....###.#
#............@..###.##...
#.#####...###.#.# #.##..#
#.# ###...#.#.# #.##..# #.#
###.#.#.# #.##..# #.#
#.#.#.# #.##..# #.#
#.#.#.###.##..# #.#
##.#.#.#.#<....# #.#
####........#.###.# #.#
#....###.##.#.###.#####


You could see an ogre.

Vanquished Creatures
  Grinder (D:4)
  A centaur (D:5)
  A bullfrog (D:4)
  A necrophage (D:5)
  2 hounds
  Jessica (D:3)
  An iguana (D:4)
  An orc wizard (D:5)
  3 adders
  A worm (D:2)
  A dart slug (D:2)
  4 orcs (D:5)
  4 ball pythons
  4 bats
  6 endoplasms
  5 giant cockroaches
  4 hobgoblins
  7 jackals
  5 kobolds
  3 quokkas
  2 frilled lizards
  8 goblins
  3 rats
69 creatures vanquished.

Notes
Turn   | Place    | Note
-------+----------+-------------------------------------------
     0 | D:1      | arthad the Gnoll Hexslinger began the quest for the Orb.
     0 | D:1      | Reached XP level 1. HP: 17/17 MP: 4/4
   159 | D:1      | Found Ugung's Weapon Emporium.
   168 | D:1      | Reached XP level 2. HP: 23/23 MP: 5/5
   441 | D:1      | Reached XP level 3. HP: 28/28 MP: 7/7
   799 | D:2      | Reached skill level 1 in Invocations
   911 | D:2      | Reached skill level 1 in Short Blades
   911 | D:2      | Reached skill level 1 in Long Blades
   911 | D:2      | Reached skill level 1 in Axes
   911 | D:2      | Reached skill level 1 in Maces & Flails
   911 | D:2      | Reached skill level 1 in Polearms
   911 | D:2      | Reached skill level 1 in Staves
   911 | D:2      | Reached skill level 1 in Throwing
   911 | D:2      | Reached skill level 1 in Armour
   911 | D:2      | Reached skill level 1 in Stealth
   911 | D:2      | Reached skill level 1 in Shields
   911 | D:2      | Reached skill level 1 in Unarmed Combat
   911 | D:2      | Reached skill level 1 in Evocations
  1005 | D:2      | Learned a level 3 spell: Portal Projectile
  1119 | D:2      | Reached XP level 4. HP: 34/34 MP: 8/8
  1767 | D:3      | Reached skill level 1 in Conjurations
  1767 | D:3      | Reached skill level 1 in Summonings
  1767 | D:3      | Reached skill level 1 in Necromancy
  1767 | D:3      | Reached skill level 1 in Translocations
  1767 | D:3      | Reached skill level 1 in Transmutations
  1767 | D:3      | Reached skill level 1 in Fire Magic
  1767 | D:3      | Reached skill level 1 in Ice Magic
  1767 | D:3      | Reached skill level 1 in Air Magic
  1767 | D:3      | Reached skill level 1 in Earth Magic
  1767 | D:3      | Reached skill level 1 in Poison Magic
  2235 | D:3      | Noticed Jessica
  2243 | D:3      | Killed Jessica
  2244 | D:3      | Reached XP level 5. HP: 25/40 MP: 9/9
  2311 | D:3      | Got Jessica's Papyrus of Direction
  2563 | D:4      | Noticed Grinder
  2564 | D:4      | Paralysed by Grinder for 5 turns
  2586 | D:4      | Paralysed by Grinder for 3 turns
  2606 | D:4      | Killed Grinder
  2607 | D:4      | Reached skill level 5 in Ranged Weapons
  2607 | D:4      | Reached skill level 5 in Dodging
  2607 | D:4      | Reached XP level 6. HP: 35/47 MP: 9/11
  2692 | D:4      | Found a shimmering blue altar of Sif Muna.
  2712 | D:4      | Became a worshipper of Sif Muna the Loreminder
  2822 | D:4      | Found a runed translucent door.
  2823 | D:4      | Noticed Crazy Yiuf
  3247 | D:5      | Entered Level 5 of the Dungeon
  3305 | D:5      | Reached XP level 7. HP: 52/52 MP: 9/12
  3348 | D:5      | Found a staircase to the Ecumenical Temple.
  4018 | D:5      | Mangled by an ogre

Illustrated notes

Levels and vault maps discovered:
D:1:      dpeg_arrival_water_fire, layout_basic, serial_shops,
          nicolae_shop_bloodbath_and_beyond
D:2:      layout_loops_ring, skrybe_limestone_x
D:3:      layout_loops_corners, kennysheep_jessica_study
D:4:      layout_basic, mainiacjoe_overflow_small_starburst,
          uniq_crazy_yiuf_cottage, uniq_grinder
D:5:      layout_basic, minmay_temple_entry_stoned_glass

Skill      XL: |  1  2  3  4  5  6  7 |
---------------+----------------------+-----
Invocations    | 1 2 |  2.9
Short Blades   | 1 2 |  2.6
Long Blades    | 1 2 |  2.6
Axes           | 1 2 |  2.6
Maces & Flails | 1 2 |  2.6
Polearms       | 1 2 |  2.6
Staves         | 1 2 |  2.6
Throwing       | 1 2 |  2.6
Armour         | 1 2 |  2.6
Stealth        | 1 2 |  2.6
Shields        | 1 2 |  2.6
Unarmed Combat | 1 2 |  2.6
Evocations     | 1 2 |  2.6
Spellcasting   | 3 |  3.9
Conjurations   | 1 2 |  2.1
Summonings     | 1 2 |  2.1
Necromancy     | 1 2 |  2.1
Translocations | 1 2 |  2.1
Transmutations | 1 2 |  2.1
Fire Magic     | 1 2 |  2.1
Ice Magic      | 1 2 |  2.1
Air Magic      | 1 2 |  2.1
Earth Magic    | 1 2 |  2.1
Poison Magic   | 1 2 |  2.1
Fighting       | 3 |  3.7
Ranged Weapons | 5 |  5.3
Dodging        | 5 |  5.3
Hexes          | |  5.9

Action                   |  1- 3 |  4- 6 |  7- 9 || total
-------------------------+-------+-------+-------++-------
 Fire: Sling             |   122 |   115 |    71 ||   308
 Cast: Slow              |     4 |     6 |       ||    10
       Portal Projectile |       |       |     2 ||     2
  Use: Potion            |       |     2 |     3 ||     5
Armor: Robe              |     9 |     8 |     3 ||    20
Dodge: Dodged            |    41 |    30 |    28 ||    99
Block: Buckler           |     4 |    11 |    16 ||    31
       Reflection        |       |       |     2 ||     2

Table legend: (Time is in decaauts)
 A = Elapsed time spent in this place.
 B = Non-inter-level travel time spent in this place.
 C = Inter-level travel time spent in this place.
 D = Time resting spent in this place.
 E = Time spent auto-exploring this place.
 F = Levels seen in this place.
 G = Mean time per level.
                   A        B        C        D        E       F      G
               +--------+--------+--------+--------+--------+-----+--------+
         Total |   4083 |   3946 |    137 |    101 |   3254 |   5 |  816.6 |
       Dungeon |   4083 |   3946 |    137 |    101 |   3254 |   5 |  816.6 |
               +--------+--------+--------+--------+--------+-----+--------+

Top non-repeatable levels by time:
     D:3: 993 daAuts
     D:2: 839 daAuts
     D:5: 787 daAuts
     D:4: 783 daAuts
     D:1: 679 daAuts
